 Dungeon Crawl Stone Soup version 0.30-a0-358-g0d69a1922f (webtiles) character file.

Game seed: 6236164399111150523

46024 blackman the Severer (level 14, -6/115 HPs)
             Began as a Formicid Fighter on Nov 10, 2022.
             Was a High Priest of Cheibriados.
             Mangled by a fire crab (9 damage)
             ... on level 5 of the Lair of Beasts.
             The game lasted 00:55:10 (16610 turns).

blackman the Severer (Formicid Fighter)            Turns: 16610, Time: 00:55:11

Health: -6/115     AC: 20    Str: 38    XL:     14   Next: 74%
Magic:  23/23      EV:  6    Int: 24    God:    Cheibriados [*****.]
Gold:   821        SH: 20    Dex: 27    Spells: 13/13 levels left

rFire   . . .      SeeInvis +    a - +3 executioner's axe (venom)
rCold   . . .      Faith    +    H - +0 tower shield
rNeg    . . .      Spirit   .    v - +2 plate armour
rPois   .          Reflect  .    (helmet unavailable)
rElec   .          Harm     .    A - +2 cloak
rCorr   .          Rampage  .    (no gloves)
Will    +....                    (no boots)
Stlth   ..........               l - amulet of faith
HPRegen 0.39/turn                (no ring)
MPRegen 0.18/turn                (no ring)

@: very slow
A: permanent stasis, dig shafts and tunnels, antennae 3, four strong arms
a: Dig, Shaft Self, Renounce Religion, Bend Time, Temporal Distortion, Slouch,
Step From Time


You were on level 5 of the Lair of Beasts.
You worshipped Cheibriados.
Cheibriados was extremely pleased with you.
You visited 3 branches of the dungeon, and saw 17 of its levels.
You also visited: Bailey.

You collected 1260 gold pieces.
You spent 439 gold pieces at shops.

Inventory:

Hand Weapons
 a - a +3 executioner's axe of venom (weapon)
 b - a +2 triple crossbow
 n - a +1 hand axe of venom
 s - a +1 war axe
 N - a +4 battleaxe of venom
Missiles
 f - 22 poisoned darts (quivered)
 g - 7 curare-tipped darts
 t - 14 boomerangs
 F - a throwing net
 I - 6 javelins
Armour
 c - a +1 buckler
 h - a +0 leather armour
 o - a +0 chain mail
 v - a +2 plate armour (worn)
 A - a +2 cloak (worn)
 C - a +1 chain mail of cold resistance
 H - a +0 tower shield (worn)
 L - a +0 scale mail
Jewellery
 l - an amulet of faith (around neck)
 y - a ring of protection from fire
Wands
 D - a wand of mindburst (13)
 G - a wand of iceblast (6)
 K - a wand of charming (1)
Scrolls
 B - 2 scrolls of amnesia
 E - a scroll of silence
 J - a scroll of summoning
 M - 2 scrolls of magic mapping
 O - a scroll of fear
 P - a scroll of identify
Potions
 d - a potion of might
 e - 2 potions of heal wounds
 i - 11 potions of curing
 j - 3 potions of invisibility
 k - a potion of flight
 m - 2 potions of attraction
 p - 6 potions of mutation {unknown}
 q - 2 potions of resistance
 r - 5 potions of degeneration {unknown}
 u - 2 potions of brilliance {unknown}
 w - a potion of haste {unknown}
 x - 3 potions of lignification {unknown}
 z - 3 potions of magic {unknown}
Miscellaneous
 Q - a phantom mirror


   Skills:
 - Level 12.2 Fighting
 - Level 16.0 Axes
 - Level 10.3 Ranged Weapons
 - Level 10.6 Armour
 * Level 9.8 Shields
 - Level 12.0 Invocations


You had 13 spell levels left.
You didn't know any spells.
Your spell library contained the following spells:

 Spells                   Type           Power      Damage    Failure   Level
 Sandblast                Erth           0%         2d4       96%         1
 Momentum Strike          Conj/Tloc      0%         3d8       99%         2
 Passwall                 Tmut/Erth      0%         N/A       99%         2
 Dazzling Flash           Conj/Hex       0%         N/A       100%        3
 Gell's Gravitas          Tloc           0%         N/A       100%        3
 Kindle Blastsparks       Fire/Tloc/Air  0%         2d10      100%        3
 Lesser Beckoning         Tloc           0%         N/A       100%        3
 Stone Arrow              Conj/Erth      0%         3d7       100%        3
 Teleport Other           Tloc           0%         N/A       100%        3
 Animate Armour           Summ/Erth      0%         N/A       100%        4
 Fulminant Prism          Conj/Hex       0%         3d5       100%        4
 Iskenderun's Mystic Bla  Conj/Tloc      0%         2d3       100%        4
 Iskenderun's Battlesphe  Conj           0%         2d6       100%        5
 Lee's Rapid Deconstruct  Erth           0%         3d4*      100%        5
 Dispersal                Tloc           0%         N/A       100%        6
 Iron Shot                Conj/Erth      0%         9d1       100%        6
 Starburst                Conj/Fire      0%         6d3       100%        6
 Spellforged Servitor     Conj/Summ      0%         N/A       100%        7
 Lehudib's Crystal Spear  Conj/Erth      0%         10d2      100%        8
 Blink                    Tloc           Unusable   N/A       N/A         2

Dungeon Overview and Level Annotations

Branches:
Dungeon (11/15)            Temple (1/1) D:5            Lair (5/5) D:10
 Shoals (0/4) Lair:2       Spider (0/4) Lair:2       Bailey (visited)
  Slime: Lair:4-5       Orc: D:9-12

Altars:
Ashenzari
Cheibriados
Dithmenos
Elyvilon
Fedhas
Gozag
Hepliaklqana
Kikubaaqudgha
Nemelex Xobeh
Okawaru
Qazlal
Sif Muna
Trog
Uskayaw
Vehumet
Wu Jian
Xom
Yredelemnul
Zin
The Shining One
Jiyva

Shops:
D:5 [   D:7 (**

Annotations:
D:7 2 transporters, snetch's ghost, novice DjFE
Temple 2 transporters
Lair:1 exclusion: oklob plant
Lair:5 exclusion: oklob plant


Innate Abilities, Weirdness & Mutations

You cannot be hasted, slowed, berserked, paralysed or teleported.
You can dig through walls and to a lower floor.
You have a pair of large antennae on your head. (SInv)
Your four strong arms can wield two-handed weapons with a shield.


Message History

The death yak is heavily wounded.
You block the death yak's attack. The death yak gores you!
You hit the death yak.
The death yak looks as sick as possible!
The death yak is heavily wounded.
The death yak gores you.
You carve the death yak like a ham!!!
The death yak looks as sick as possible!
The death yak is almost dead.
You block the death yak's attack.
You slice the death yak like a ripe choko!!!
You kill the death yak!
Cheibriados appreciates the change of pace.
You feel a little less mighty now. You block the elephant's attack.
The elephant trunk-slaps you but does no damage.
You slice the elephant!!
The elephant looks as sick as possible!
The elephant is heavily wounded.
You block the elephant's attack. The elephant barely misses you.
You slash the elephant!
The elephant looks as sick as possible!
The elephant is severely wounded.
You block the elephant's attack. x2
You slice the elephant!!
You kill the elephant!
Cheibriados appreciates the change of pace.
You slice the death yak like a ripe choko!!!
The death yak looks as sick as possible!
The death yak is heavily wounded.
The death yak gores you!!
* * * LOW HITPOINT WARNING * * *
The death yak gores you but does no damage.
You slice the death yak!!
You kill the death yak!
Cheibriados appreciates the change of pace.
The fire crab breathes flames at you.
The blast of flame engulfs you but does no damage.
You are engulfed in blazing flames.
* * * LOW HITPOINT WARNING * * *
You block the death yak's attack. The fire crab bites you!
You die...

.... { .... {
.............## .P_..#
..............# ....#
.............# #...##
#...........####....#
#......^.....#°##...#
#.#.......#..@## ...#
#..........htY###..#
####P...P.......#...#
##.#.#†.P##..##.(......#
#....<...#.####.......##
..#.##..#### ##......# #
#### ####..## ####


You could see a death yak, a fire crab and a polar bear.

Vanquished Creatures
  Gastronok (Lair:2)
  2 hydras
  Erica (D:8)
  12 death yaks
  A two-headed ogre (D:9)
  A boulder beetle (Lair:2)
  An orc high priest (Bailey)
  Nergalle (D:10)
  A fire crab (Lair:4)
  2 lindwurms
  An orc knight (Bailey)
  16 elephants
  5 black mambas
  4 cane toads
  2 torpor snails
  4 rime drakes
  3 kobold demonologists
  5 komodo dragons
  3 trolls (D:10)
  11 blink frogs
  7 dream sheep
  5 culicivoras (Lair:2)
  A wraith (D:10)
  3 wyverns
  3 steam dragons (D:8)
  37 yaks
  5 basilisks
  Grum (D:10)
  Menkaure (D:5)
  An acid dragon (D:8)
  11 water moccasins
  2 ice beasts
  5 sky beasts
  2 black bears
  15 orc warriors
  13 wolves
  4 centaurs
  A phantom (D:7)
  2 kobold brigands
  A necrophage (D:5)
  15 bullfrogs
  A scorpion (D:6)
  20 wights
  A killer bee (D:8)
  3 howler monkeys
  4 electric eels
  2 jellies (D:5)
  An orc priest (D:5)
  11 hounds
  2 gnoll boudas
  Crazy Yiuf (D:6)
  5 iguanas
  5 orc wizards
  6 gnolls
  6 adders
  A shadow imp (D:6)
  A worm (D:2)
  4 dart slugs
  30 orcs
  3 endoplasms (D:1)
  4 giant cockroaches
  23 goblins
  6 hobgoblins
  2 jackals (D:1)
  6 quokkas
  4 ball pythons
  10 bats
  3 frilled lizards
  11 kobolds
  6 rats
394 creatures vanquished.

Vanquished Creatures (collateral kills)
  A bullfrog (D:8)
  2 orcs (D:8)
3 creatures vanquished.

Vanquished Creatures (others)
  An orc (D:10)
  26 fungi
  29 plants
56 creatures vanquished.

Grand Total: 453 creatures vanquished

Notes
Turn   | Place    | Note
-------+----------+-------------------------------------------
     0 | D:1      | blackman the Formicid Fighter began the quest for the Orb.
     0 | D:1      | Reached XP level 1. HP: 18/18 MP: 1/1
    77 | D:1      | Reached XP level 2. HP: 21/25 MP: 2/2
   313 | D:1      | Reached XP level 3. HP: 31/31 MP: 3/3
  1291 | D:2      | Reached skill level 5 in Fighting
  1313 | D:2      | Reached XP level 4. HP: 34/39 MP: 4/4
  2425 | D:4      | Noticed a black bear
  2429 | D:4      | Reached XP level 5. HP: 46/46 MP: 5/5
  2436 | D:4      | Killed a black bear
  2437 | D:4      | Reached XP level 6. HP: 45/53 MP: 6/6
  2608 | D:4      | You fall into a shaft and drop 2 floors!
  2642 | D:6      | Found a stormy altar of Qazlal.
  2642 | D:6      | Noticed a sky beast
  2649 | D:6      | Killed a sky beast
  2650 | D:6      | Reached XP level 7. HP: 63/63 MP: 7/7
  2773 | D:5      | Entered Level 5 of the Dungeon
  2861 | D:5      | Found Piog's Armour Boutique.
  2899 | D:5      | Identified the +6 short sword "Reemab" {protect, rPois rF-
                  | rCorr Str-2}
  2951 | D:5      | Found a bloodstained altar of Trog.
  3047 | D:5      | Found a staircase to the Ecumenical Temple.
  3085 | Temple   | Entered the Ecumenical Temple
  3085 | Temple   | Found a transporter.
  3085 | Temple   | Found a transporter.
  3088 | Temple   | Found a transporter.
  3088 | Temple   | Found a transporter.
  3102 | Temple   | Became a worshipper of Cheibriados the Contemplative
  3292 | D:5      | Reached XP level 8. HP: 69/72 MP: 8/8
  3368 | D:5      | Noticed Menkaure
  3382 | D:5      | Killed Menkaure
  3383 | D:5      | Reached skill level 10 in Fighting
  3819 | D:6      | Found a shimmering altar of Xom.
  3981 | D:6      | Reached * piety under Cheibriados
  4047 | D:6      | Reached XP level 9. HP: 72/82 MP: 9/9
  4334 | D:6      | Identified a scroll of acquirement
  4334 | D:6      | Acquired a manual of Axes
  4438 | D:6      | Found a runed translucent door.
  4439 | D:6      | Noticed Crazy Yiuf
  4445 | D:6      | Killed Crazy Yiuf
  4645 | D:7      | Noticed a moth of wrath
  4647 | D:7      | Noticed snetch's ghost (novice DjFE)
  4712 | D:7      | Found a transporter.
  4717 | D:7      | Found a bloodstained altar of Trog.
  4730 | D:7      | Reached skill level 3 in Axes
  4734 | D:7      | Reached skill level 4 in Axes
  4778 | D:7      | Found Goc Paw's Assorted Antiques.
  4786 | D:7      | Bought a crude steel ring for 140 gold pieces
  4786 | D:7      | Identified the ring "Tujen" {Fire *Corrode Fly MP+9 Str-3
                  | SInv} (You bought it in a shop on level 7 of the Dungeon)
  4850 | D:7      | Found a transporter.
  4879 | D:7      | Reached skill level 5 in Axes
  4883 | D:7      | Reached skill level 6 in Axes
  4983 | D:7      | Reached skill level 7 in Axes
  5373 | D:7      | Reached ** piety under Cheibriados
  5380 | D:7      | Reached skill level 8 in Axes
  5419 | D:7      | Found Zisacit's Weapon Shop.
  5422 | D:7      | Bought a +2 vampiric whip for 253 gold pieces
  5488 | D:7      | Found Ibylokel's General Store.
  5498 | D:7      | Bought 6 curare-tipped darts for 46 gold pieces
  5798 | D:8      | Reached skill level 9 in Axes
  5803 | D:8      | Found a flagged portal.
  5829 | Bailey   | Entered a bailey
  6305 | Bailey   | Reached *** piety under Cheibriados
  6316 | Bailey   | Noticed an orc high priest
  6331 | Bailey   | Noticed a sun demon
  6331 | Bailey   | Noticed an orange demon
  6332 | Bailey   | Killed an orc high priest
  6333 | Bailey   | Reached skill level 11 in Axes
  6333 | Bailey   | Reached XP level 10. HP: 77/89 MP: 10/10
  6503 | Bailey   | Reached skill level 12 in Axes
  6606 | Bailey   | Acquired a +2 battleaxe of venom
  6625 | Bailey   | Reached skill level 1 in Invocations
  6626 | Bailey   | Noticed an orc knight
  6632 | Bailey   | Killed an orc knight
  6635 | Bailey   | Reached skill level 5 in Invocations
  6999 | Bailey   | Found an iron altar of Okawaru.
  7139 | Bailey   | Noticed a kobold demonologist
  7146 | Bailey   | Noticed a rust devil
  7153 | Bailey   | Killed a kobold demonologist
  7161 | Bailey   | Identified the +5 spear of Ihafecie {flame, Int+2}
  7372 | D:8      | Found an iron altar of Okawaru.
  7603 | D:8      | Reached **** piety under Cheibriados
  7756 | D:8      | Reached XP level 11. HP: 68/95 MP: 17/17
  8121 | D:8      | Noticed Erica
  8132 | D:8      | Killed Erica
  8133 | D:8      | Reached skill level 10 in Invocations
  8511 | D:8      | Found a glowing golden altar of the Shining One.
  8826 | D:9      | Reached ***** piety under Cheibriados
  8916 | D:9      | Noticed a two-headed ogre
  8921 | D:9      | Killed a two-headed ogre
  9348 | D:10     | Entered Level 10 of the Dungeon
  9356 | D:10     | Noticed Nergalle
  9620 | D:10     | Killed Nergalle
  9621 | D:10     | Reached skill level 13 in Axes
  9893 | D:10     | Reached skill level 14 in Axes
  9985 | D:10     | Found a staircase to the Lair.
 10417 | D:10     | Reached XP level 12. HP: 102/102 MP: 21/21
 10446 | D:10     | Noticed Grum
 10464 | D:10     | Killed Grum
 10661 | Lair:1   | Entered Level 1 of the Lair of Beasts
 10940 | Lair:1   | Reached skill level 15 in Axes
 11484 | Lair:1   | Reached skill level 16 in Axes
 11938 | Lair:2   | Found a hole to the Spider Nest.
 11951 | Lair:2   | Reached skill level 5 in Armour
 12287 | Lair:2   | Reached XP level 13. HP: 87/108 MP: 22/22
 12447 | Lair:2   | Noticed Gastronok
 12489 | Lair:2   | Killed Gastronok
 12639 | Lair:2   | Found a sparkling altar of Nemelex Xobeh.
 12648 | Lair:2   | Found a staircase to the Shoals.
 12878 | Lair:3   | Reached skill level 10 in Armour
 13225 | Lair:3   | Reached skill level 1 in Ranged Weapons
 13449 | Lair:3   | Noticed a five-headed hydra
 13457 | Lair:3   | Killed an eight-headed hydra
 13472 | Lair:3   | Reached skill level 5 in Ranged Weapons
 14622 | Lair:4   | Reached XP level 14. HP: 82/115 MP: 23/23
 15364 | Lair:4   | Reached skill level 10 in Ranged Weapons
 16207 | Lair:4   | Reached skill level 5 in Shields
 16481 | Lair:5   | Entered Level 5 of the Lair of Beasts
 16557 | Lair:5   | Found a viscous altar of Jiyva.
 16610 | Lair:5   | HP: 2/115 [fire crab] (25)]
 16610 | Lair:5   | Mangled by a fire crab

Illustrated notes

Levels and vault maps discovered:
D:1:      spicycebolla_green_bress_n_ham_2, layout_basic, minmay_pentomino_o2
D:2:      layout_basic
D:3:      layout_rooms
D:4:      layout_basic, serial_shops, nicolae_shop_overgrown_old_shop,
          amcnicky_mini_rare_corridor_liquid
D:5:      layout_loops_ring, amcnicky_altar_gilded,
          minmay_temple_entry_overgrown, serial_shops, shop,
          guppyfry_early_lair_pool, uniq_menkaure
D:6:      layout_loops_ring, mainiacjoe_overflow_alcove_4,
          mainiacjoe_overflow_small_starburst, uniq_crazy_yiuf_cottage
D:7:      layout_basic, gammafunk_ghost_wrathful_warriors, serial_shops, shop,
          nicolae_diamond_shop, kennysheep_mini_moat
D:8:      minmay_recursive_quarters, layout_loops_ring, okawaru_gym_becter,
          nicolae_tso_swordbearing_angel, enter_bailey_5, minivault_10,
          uniq_erica
D:9:      layout_roguey, corexii_leaking_fountain
D:10:     layout_basic, erik_lair_island, uniq_grum, uniq_nergalle
D:11:     layout_roguey, orc_0_dummy, elyvilon_altar_3, uniq_harold
Temple:   hellmonk_temple_divided_pantheon
Lair:1:   layout_long_grid, minmay_lair_oklob_items, minivault_11,
          grunt_megastairs_5
Lair:2:   layout_big_grid, elwin_shoals_entry_rocks,
          hellmonk_spider_entry_life_and_decay, basic_altar, uniq_gastronok
Lair:3:   layout_small_grid, beast_lair_carwin_4, grunt_megastairs_4
Lair:4:   nzn_winding_woodlands_cross
          [nzn_winding_woodlands_5x15_river_crossing,
          nzn_winding_woodlands_5x15_pathside_ponds,
          nzn_winding_woodlands_5x15_garden,
          nzn_winding_woodlands_5x15_sawtooth,
          nzn_winding_woodlands_15x15_boxy_spiral], layout_cave_pods
Lair:5:   gammafunk_lair_ancient_temple, layout_cave_pods,
          minmay_slime_entry_oklob_enclosed, serial_bayou_shore_a

Skill      XL: |  1  2  3  4  5  6  7  8  9 10 11 12 13 14 |
---------------+-------------------------------------------+-----
Fighting       | 4 5 6 8 9 11 12 | 12.2
Axes           | 11 12 14 16 | 16.0
Invocations    | 8 12 | 12.0
Armour         | 7 10 | 10.6
Ranged Weapons | 8 10 | 10.3
Shields        | 9 |  9.8

Action                   |  1- 3 |  4- 6 |  7- 9 | 10-12 | 13-15 || total
-------------------------+-------+-------+-------+-------+-------++-------
Melee: War axe           |    87 |       |    59 |     6 |       ||   152
       Hand axe          |     9 |    93 |   208 |    17 |       ||   327
       Battleaxe         |       |       |       |   308 |    66 ||   374
       Executioner's axe |       |       |       |       |   233 ||   233
 Fire: Triple crossbow   |       |       |       |    25 |     8 ||    33
Throw: Dart              |       |     6 |     4 |     2 |    10 ||    22
       Throwing net      |       |       |       |     2 |       ||     2
Invok: Slouch            |       |       |       |     4 |     7 ||    11
       Bend Time         |       |       |       |       |     1 ||     1
 Abil: Dig               |       |       |       |       |     6 ||     6
Evoke: Wand              |       |       |       |    10 |     5 ||    15
  Use: Scroll            |     5 |     5 |     6 |    11 |     4 ||    31
       Potion            |       |       |       |       |     6 ||     6
 Stab: Held in net/web   |       |       |       |     2 |       ||     2
       Distracted        |       |       |       |     1 |       ||     1
Armor: Scale mail        |    50 |       |       |       |       ||    50
       Chain mail        |     1 |    70 |       |       |       ||    71
       Plate armour      |       |     8 |   124 |   148 |   171 ||   451
Dodge: Dodged            |    49 |    33 |    56 |    83 |    80 ||   301
Block: Buckler           |    20 |    29 |    62 |   107 |    93 ||   311
       Tower shield      |       |       |       |       |    55 ||    55

Table legend: (Time is in decaauts)
 A = Elapsed time spent in this place.
 B = Non-inter-level travel time spent in this place.
 C = Inter-level travel time spent in this place.
 D = Time resting spent in this place.
 E = Time spent auto-exploring this place.
 F = Levels seen in this place.
 G = Mean time per level.
                   A        B        C        D        E       F      G
               +--------+--------+--------+--------+--------+-----+--------+
         Total |  21604 |  20804 |    800 |   2912 |  14411 |  18 | 1200.2 |
       Dungeon |  11293 |  10751 |    542 |    939 |   7946 |  11 | 1026.6 |
        Temple |     42 |     19 |     23 |      0 |      0 |   1 |   42.0 |
          Lair |   8483 |   8249 |    234 |   1209 |   5813 |   5 | 1696.6 |
        Bailey |   1784 |   1784 |      0 |    764 |    651 |   1 | 1784.0 |
               +--------+--------+--------+--------+--------+-----+--------+

Top non-repeatable levels by time:
  Lair:4: 2722 daAuts
  Lair:3: 2265 daAuts
     D:8: 2129 daAuts
  Bailey: 1784 daAuts
  Lair:2: 1687 daAuts
  Lair:1: 1637 daAuts
     D:6: 1592 daAuts
    D:10: 1568 daAuts
     D:9: 1374 daAuts
     D:2: 1135 daAuts
     D:5: 1062 daAuts
     D:7: 885 daAuts
     D:1: 825 daAuts
     D:3: 504 daAuts
     D:4: 202 daAuts
